 Dungeon Crawl Stone Soup version 0.20-a0-899-g09a9bfb (webtiles) character file.

51 4thArraOfDagon the Slasher (level 3, -1/32 HPs)
             Began as a Naga Wanderer on Mar 18, 2017.
             Slain by an orc
             ... wielding a +0 mace
              (7 damage)
             ... on level 4 of the Dungeon.
             The game lasted 00:01:56 (388 turns).

4thArraOfDagon the Slasher (Naga Wanderer)           Turns: 388, Time: 00:01:57

Health: -1/32      AC:  5    Str: 14    XL:     3   Next: 81%
Magic:  3/3        EV:  8    Int: 10    God:
Gold:   32         SH:  0    Dex: 13    Spells: 2/2 levels left

rFire    . . .     SeeInvis +   c - +0 falchion
rCold    . . .     Gourm    .   g - +0 scale mail
rNeg     . . .     Faith    +   (no shield)
rPois    +         Spirit   .   (no helmet)
rElec    .         Reflect  .   j - +0 cloak
rCorr    .         Harm     .   (no gloves)
MR       .....                  (no barding)
Stlth    +.........             k - amulet of faith
Regen    0.1/turn               (no ring)
MPRegen  0.1/turn               i - +1 ring of evasion

@: short of breath, very slow
A: see invisible, deformed body, poison resistance, slowness 2, slow metabolism
1, spit poison 1, AC +1
a: Spit Poison


You were on level 4 of the Dungeon.
You were not hungry.

You visited 1 branch of the dungeon, and saw 4 of its levels.

You collected 32 gold pieces.

Inventory:

Hand Weapons
 a - a +2 dagger
 c - a +0 falchion (weapon)
Armour
 e - a +0 robe
 g - a +0 scale mail (worn)
 j - a +0 cloak (worn)
Jewellery
 i - a +1 ring of evasion (left hand)
 k - an amulet of faith (around neck)
Scrolls
 d - a scroll of teleportation
 h - 2 scrolls of identify
Comestibles
 f - a bread ration


   Skills:
 - Level 2.0 Fighting
 * Level 4.0 Long Blades
   Level 1.0 Bows
 - Level 1.0 Armour
 - Level 1.5 Dodging
 - Level 3.0 Stealth


You had 2 spell levels left.
You didn't know any spells.

Dungeon Overview and Level Annotations

Branches:
Dungeon (4/15)             Temple (0/1) D:4

Altars:


Innate Abilities, Weirdness & Mutations

You cannot wear boots.
Your serpentine skin is tough. (AC +1)
You have supernaturally acute eyesight. (SInv)
Armour fits poorly on your strangely shaped body.
Your system is resistant to poisons. (rPois)
You cover ground very slowly.
You have a slow metabolism.
You can spit poison.


Message History

Wield which item (- for none, * to show all)? (? for menu, Esc to quit)
c - a +0 falchion (weapon)
You have got your breath back.
The orc looks more healthy.
You hit the orc.
The orc is almost dead.
The orc hits you with a mace.
* * * LOW HITPOINT WARNING * * *
Unknown command.
Press: ? - help, Shift-Dir - straight line, f/p - orc
Aim: an orc, wielding a mace and wearing a leather armour (almost dead)
The splash of poison misses the orc.
The splash of poison hits the orc.
The orc is heavily wounded.
You feel slightly more hungry. The orc hits you but does no damage.
Unknown command.
Unknown command.
You hit the orc but do no damage.
The orc is almost dead.
The orc hits you with a mace!
You die...

#.............# ........###
#.# ..#.###..# #.# .# #.#.#
##.# #.#############.#
..#.####)####......#.........
.....(.......................
#.#...................#......
# #.......######.....(......#
# #........ #@###...######...
..........# ##o#
#............ ...##......
#oo# #...######### .#.
#......# #'## #...#
#...[..#....o##...# #....
#.###.##...# .'.+>#o+....#
..#.###.#....#
....#.....##.<.#


You could see 3 orcs.

Vanquished Creatures
  An iguana (D:4)
  An ooze (D:4)
  A dart slug (D:1)
  2 leopard geckos (D:1)
  An orc (D:4)
  2 bats (D:1)
  2 giant cockroaches
  2 hobgoblins (D:1)
  2 frilled lizards
  2 rats (D:1)
16 creatures vanquished.

Vanquished Creatures (others)
  2 jackals (D:2)
2 creatures vanquished.

Grand Total: 18 creatures vanquished

Notes
Turn   | Place    | Note
-------+----------+-------------------------------------------
     0 | D:1      | 4thArraOfDagon the Naga Wanderer began the quest for the Orb.
     0 | D:1      | 4thArraOfDagon set off with: a +2 dagger, a potion of haste, a +0 falchion, a scroll of teleportation, a +0 robe, a bread ration
     0 | D:1      | Reached XP level 1. HP: 19/19 MP: 1/1
    85 | D:1      | Reached XP level 2. HP: 22/26 MP: 2/2
   154 | D:1      | Reached skill level 3 in Long Blades
   321 | D:4      | Reached XP level 3. HP: 6/32 MP: 3/3
   344 | D:4      | Reached skill level 4 in Long Blades
   376 | D:4      | Found a staircase to the Ecumenical Temple.
   388 | D:4      | Slain by an orc

Vault maps used:
D:1:      arrival_zaba_pyramid
D:2:      nicolae_overflow_crystal_walls, gammafunk_temple_overflow_elements,
          marbit_many_paths, gammafunk_temple_overflow_forgotten,
          fiery_altar_vehumet, first_bread, kennysheep_slug_shrine
D:3:      uniq_jessica, uniq_grinder
D:4:      minmay_temple_entry_glassed_door

Skill      XL: |  1  2  3 |
---------------+----------+-----
Long Blades    | 3 4 |  4.0
Fighting       | |  2.0
Bows           | |  1.0
Armour         | |  1.0
Dodging        | |  1.5
Stealth        | |  3.0

Action                   || total
-------------------------++-------
Melee: Dagger            ||    58
       Falchion          ||     2
 Abil: Spit Poison       ||     9
  Use: Scroll            ||     1
       Potion            ||     1
 Stab: Sleeping          ||     1
Armor: Robe              ||    14
       Scale mail        ||    14
Dodge: Dodged            ||    37
